 Dungeon Crawl Stone Soup version 0.31-b1-22-gc680215f68 (webtiles) character file.

Game seed: 11020204594891894703

1457940 GordonOverkill the Cryomancer (level 26, 261/261 HPs)
             Began as a Demonspawn Air Elementalist on Jan 18, 2024.
             Was the Champion of Vehumet.
             Escaped with the Orb
             ... and 3 runes!
             The game lasted 03:47:29 (95312 turns).

GordonOverkill the Cryomancer (DsAE)               Turns: 95312, Time: 03:47:30

Health: 261/261    AC: 16    Str:  9    XL:     26   Next: 67%
Magic:  44/44      EV: 21    Int: 44    God:    Vehumet [******]
Gold:   3042       SH: 14    Dex: 15    Spells: 5/59 levels left

rFire   + + +        O - +8 double sword of Dissolution {spect, Int+5}
rCold   . . .        B - +2 buckler {rF+}
rNeg    . . .        n - +2 robe {Will+}
rPois   +            (helmet restricted)
rElec   +            q - +2 cloak
rCorr   .            (gloves unavailable)
SInv    .            a - +0 pair of boots "Oviakoso" {rElec Dex+3}
Will    ++++.        S - amulet of Beauty {Acrobat ^Fragile rF++ Will+ Slay+4}
Stlth   +            T - ring of Voastrugo {rPois Int+6}
HPRegen 0.63/turn    V - +6 ring of intelligence
MPRegen 0.29/turn

%: repel missiles, acrobat
@: no status effects
A: claws 3, repulsion field 3, icemail 2, powered by pain 3, robust 3,
condensation shield, horns 1, clumsy 1, strong-willed 1, inability to read after
injury 1, noise suppression
0: Orb of Zot
}: 3/15 runes: serpentine, barnacled, silver
a: Renounce Religion


You escaped.
You worshipped Vehumet.
Vehumet was exalted by your worship.
You visited 10 branches of the dungeon, and saw 48 of its levels.
You also visited: Ice Cave and Desolation.

You collected 8361 gold pieces.
You spent 5319 gold pieces at shops.

Inventory:

Hand Weapons
 k - the +5 double sword of Gonyl {drain, rF+ Will++ Str+2 SInv}
   (You subdued it on level 3 of the Depths)

   Str+2:     It affects your strength (+2).
   rF+:       It protects you from fire.
   Will++:    It greatly increases your willpower.
   SInv:      It lets you see invisible.
 O - the +8 double sword of Dissolution (weapon) {spect, Int+5}
   (You subdued it on level 3 of the Depths)

   Int+5:     It affects your intelligence (+5).
Missiles
 w - 4 throwing nets (quivered)
Armour
 a - the +0 pair of boots "Oviakoso" (worn) {rElec Dex+3}
   (You acquired it on level 3 of the Depths)

   Dex+3:     It affects your dexterity (+3).
   rElec:     It insulates you from electricity.
 c - the +4 tower shield "Earthly Heaven" {rC+ Regen+ Dex-4}
   (You found it on level 3 of the Elven Halls)

   Dex-4:     It affects your dexterity (-4).
   rC+:       It protects you from cold.
   Regen+:    It increases your rate of health regeneration.
 l - the +3 robe "Kimuarig" {Int+3}
   (You bought it in a shop on level 5 of the Dungeon)

   Int+3:     It affects your intelligence (+3).
 n - a +2 robe of willpower (worn)
 q - a +2 cloak (worn)
 B - a +2 buckler of fire resistance (worn)
 J - a +2 helmet of see invisible
Jewellery
 m - the amulet of the Four Winds {rN+ Will+++ Clar}
   (You took it off a deep elf death mage on level 3 of the Elven Halls)

   [amulet of nothing]

   rN+:       It protects you from negative energy.
   Will+++:   It greatly increases your willpower.
   Clar:      It protects you from confusion, rage, mesmerisation and fear.
 s - a ring of magical power
 t - the ring of Vaetyil {Fire rPois Str+2}
   (You took it off a vault sentinel on level 5 of the Vaults)

   [ring of fire]

   Fire:      It enhances your fire magic.
   Str+2:     It affects your strength (+2).
   rF+:       It protects you from fire.
   rC-:       It makes you vulnerable to cold.
   rPois:     It protects you from poison
 A - the ring of Duofao {MP+9 Int+2}
   (You took it off a draconian annihilator on level 2 of the Realm of Zot)

   [ring of magical power]

   Int+2:     It affects your intelligence (+2).
   MP+9:      It affects your magic capacity (+9).
 G - the ring "Laat" {rC+ MP+9 AC+4 Slay+2}
   (You acquired it on level 3 of the Lair of Beasts)

   [ring of protection]

   AC+4:      It affects your AC (+4).
   Slay+2:    It affects your accuracy & damage with ranged weapons and melee
   (+2).
   rC+:       It protects you from cold.
   MP+9:      It affects your magic capacity (+9).
 I - the ring of the Median {Fire rN+ Int+5 Dex-2}
   (You found it in the Desolation of Salt)

   [ring of fire]

   Fire:      It enhances your fire magic.
   Int+5:     It affects your intelligence (+5).
   Dex-2:     It affects your dexterity (-2).
   rF+:       It protects you from fire.
   rC-:       It makes you vulnerable to cold.
   rN+:       It protects you from negative energy.
 L - the ring of the Tortoise {AC+8}
   (You took it off a deep elf high priest on level 3 of the Elven Halls)

   [ring of protection]

   AC+8:      It affects your AC (+8).
 S - the amulet of Beauty (around neck) {Acrobat ^Fragile rF++ Will+ Slay+4}
   (You found it in the Desolation of Salt)

   [amulet of the acrobat]

   Acrobat:   It increases your evasion while moving and waiting.
   Slay+4:    It affects your accuracy & damage with ranged weapons and melee
   (+4).
   rF++:      It greatly protects you from fire.
   Will+:     It increases your willpower.
   ^Fragile:  It will be destroyed if unequipped.
 T - the ring of Voastrugo (left claw) {rPois Int+6}
   (You bought it in a shop on level 4 of the Snake Pit)

   [ring of intelligence]

   Int+6:     It affects your intelligence (+6).
   rPois:     It protects you from poison
 V - a +6 ring of intelligence (right claw)
Wands
 u - a wand of digging (23)
 z - a wand of mindburst (11)
 C - a wand of roots (35)
 M - a wand of paralysis (36)
 R - a wand of light (8)
Scrolls
 d - 4 scrolls of butterflies
 o - 12 scrolls of fear
 p - 4 scrolls of revelation
 v - 2 scrolls of immolation
 y - 5 scrolls of vulnerability
 E - 10 scrolls of blinking
 F - 9 scrolls of amnesia
 H - 2 scrolls of fog
 K - a scroll of silence
 P - 30 scrolls of identify
 Z - 4 scrolls of teleportation
Potions
 b - a potion of magic
 e - 2 potions of brilliance
 f - 11 potions of lignification
 g - 4 potions of haste
 i - 13 potions of curing
 j - 12 potions of heal wounds
 r - 12 potions of enlightenment
 x - 7 potions of might
 D - 5 potions of mutation
 Q - 3 potions of cancellation
 U - 4 potions of ambrosia
 X - 2 potions of resistance
 Y - a potion of invisibility
Miscellaneous
 h - a lightning rod (4/4)
 N - a phantom mirror
 W - a sack of spiders


   Skills:
 - Level 15.0 Fighting
 - Level 3.0 Short Blades
 - Level 10.0 Dodging
 - Level 1.7 Stealth
 - Level 15.0 Shields
 - Level 17.0 Spellcasting
 + Level 22.5 Conjurations
 - Level 1.0 Translocations
 - Level 24.0 Ice Magic
 - Level 21.0 Air Magic
 - Level 1.0 Earth Magic
 - Level 5.0 Evocations


You had 5 spell levels left.
You knew the following spells:

 Your Spells              Type           Power      Damage    Failure   Level
a - Chain Lightning       Conj/Air       61%        3d82      3%          9
b - Polar Vortex          Ice            64%        12d8*     1%          9
c - Swiftness             Air            100%       N/A       0%          3
d - Airstrike             Air            61%        2d(9-25)  0%          4
e - Blink                 Tloc           92%        N/A       1%          2
f - Summon Lightning Spi  Summ/Air       92%        N/A       1%          4
g - Passwall              Erth           46%        N/A       1%          3
h - Ozocubu's Refrigerat  Ice            64%        4d21      1%          7
i - Freezing Cloud        Conj/Ice/Air   62%        6-21      0%          5
j - Maxwell's Capacitive  Air            61%        ∞         1%          8

Your spell library contained the following spells:

 Spells                   Type           Power      Damage    Failure   Level
 Fire Storm               Conj/Fire      47%        8d12      86%         9
 Magic Dart               Conj           100%       1d8       0%          1
 Shock                    Conj/Air       100%       1d9       0%          1
 Ensorcelled Hibernation  Hex/Ice        100%       N/A       0%          2
 Mercury Vapours          Alch/Air       100%       N/A       0%          2
 Static Discharge         Conj/Air       100%       3-8/arc   0%          2
 Dazzling Flash           Conj/Hex       100%       N/A       0%          3
 Frozen Ramparts          Ice            100%       1d16      0%          3
 Hailstorm                Conj/Ice       100%       3d16      0%          3
 Mephitic Cloud           Conj/Alch/Air  100%       N/A       0%          3
 Ozocubu's Armour         Ice            100%       N/A       0%          3
 Stone Arrow              Conj/Erth      100%       3d13      0%          3
 Summon Ice Beast         Ice/Summ       97%        N/A       0%          3
 Iskenderun's Battlesphe  Conj           100%       2d15      0%          5
 Apportation              Tloc           92%        N/A       1%          1
 Necrotise                Necr           100%       1d9       1%          1
 Sandblast                Erth           92%        2d19      1%          1
 Slow                     Hex            100%       N/A       1%          1
 Call Imp                 Summ           74%        N/A       1%          2
 Jinxbite                 Hex            74%        N/A       1%          2
 Gell's Gravitas          Tloc           46%        N/A       1%          3
 Inner Flame              Hex/Fire       37%        N/A       1%          3
 Teleport Other           Tloc           46%        N/A       1%          3
 Volatile Blastmotes      Fire/Tloc      82%        2d16      1%          3
 Brom's Barrelling Bould  Conj/Erth      96%        2d11      1%          4
 Flame Wave               Conj/Fire      94%        2d20      1%          4
 Fulminant Prism          Conj/Alch      47%        3d21      1%          4
 Iskenderun's Mystic Bla  Conj/Tloc      96%        2d19      1%          4
 Fireball                 Conj/Fire      47%        3d19      1%          5
 Metabolic Englaciation   Hex/Ice        48%        N/A       1%          5
 Silence                  Hex/Air        46%        N/A       1%          5
 Confusing Touch          Hex            37%        N/A       2%          3
 Fugue of the Fallen      Necr           37%        N/A       2%          3
 Sigil of Binding         Hex            37%        N/A       2%          3
 Tukima's Dance           Hex            37%        N/A       2%          3
 Vampiric Draining        Necr           37%        2d8       2%          3
 Ignite Poison            Fire/Alch      37%        N/A       2%          4
 Olgreb's Toxic Radiance  Alch           37%        N/A       2%          4
 Sticky Flame             Fire/Alch      37%        2d8       2%          4
 Manifold Assault         Tloc           46%        N/A       4%          4
 Passage of Golubria      Tloc           46%        N/A       4%          4
 Lee's Rapid Deconstruct  Erth           23%        3d13*     4%          5
 Animate Armour           Summ/Erth      82%        N/A       6%          4
 Dimensional Bullseye     Hex/Tloc       20%        N/A       6%          4
 Leda's Liquefaction      Alch/Erth      20%        N/A       6%          4
 Petrify                  Alch/Erth      41%        N/A       6%          4
 Yara's Violent Unravell  Hex/Alch       18%        3d9       6%          5
 Anguish                  Hex/Necr       18%        N/A       8%          4
 Animate Dead             Necr           37%        N/A       8%          4
 Dispel Undead            Necr           37%        3d15      8%          4
 Martyr's Knell           Necr/Summ      37%        N/A       8%          4
 Summon Blazeheart Golem  Fire/Summ      37%        N/A       8%          4
 Borgnjor's Vile Clutch   Necr/Erth      20%        N/A       17%         5
 Summon Forest            Summ/Tloc      20%        N/A       17%         5
 Alistair's Intoxication  Alch           24%        N/A       22%         5
 Curse of Agony           Necr           37%        N/A       22%         5
 Summon Mana Viper        Hex/Summ       37%        N/A       22%         5
 Conjure Ball Lightning   Conj/Air       61%        3x3d22    0%          6
 Sculpt Simulacrum        Ice/Alch       48%        N/A       1%          6
 Starburst                Conj/Fire      47%        6d13      1%          6
 Orb of Destruction       Conj           62%        9d15      1%          7
 Spellforged Servitor     Conj/Summ      47%        N/A       1%          7
 Lehudib's Crystal Spear  Conj/Erth      48%        10d11     11%         8
 Eringya's Noxious Bog    Alch           18%        4d6       28%         6
 Dispersal                Tloc           23%        N/A       61%         6
 Death Channel            Necr           18%        N/A       75%         6
 Malign Gateway           Summ/Tloc      20%        N/A       99%         7
 Haunt                    Necr/Summ      18%        N/A       100%        7
 Monstrous Menagerie      Summ           18%        N/A       100%        7
 Borgnjor's Revivificati  Necr           18%        N/A       100%        8
 Discord                  Hex            18%        N/A       100%        8
 Disjunction              Tloc           23%        N/A       100%        8
 Ignition                 Fire           18%        3d7       100%        8
 Infestation              Necr           18%        N/A       100%        8
 Death's Door             Necr           18%        N/A       100%        9


Dungeon Overview and Level Annotations

Branches:
Dungeon (15/15)            Temple (1/1) D:7            Lair (5/5) D:8
 Shoals (4/4) Lair:3        Snake (4/4) Lair:2        Slime (0/5) Lair:5
    Orc (2/2) D:9             Elf (3/3) Orc:2        Vaults (5/5) D:13
  Crypt (0/3) Vaults:3     Depths (4/4) D:15            Zot (5/5) Depths:4
  IceCv (visited)         Desolation (visited)

Altars:
Ashenzari
Cheibriados
Dithmenos
Fedhas
Gozag
Hepliaklqana
Kikubaaqudgha
Makhleb
Nemelex Xobeh
Okawaru
Qazlal
Ru
Sif Muna
Trog
Uskayaw
Vehumet
Wu Jian
Xom
Yredelemnul

Shops:
D:1 (   D:2 =   D:5 [   D:9 [   Orc:2 (([?   Elf:1 *   Shoals:1 **
Snake:3 (=!   Snake:4 [::=   Vaults:2 *[[   Depths:4 =

Portals:
Hell: Depths:1 Depths:2 Depths:3 Depths:4
Abyss: Depths:1 Depths:3
Pandemonium: Depths:2
Ziggurat: Depths:1

Annotations:
D:11 2 transporters, ozzols's ghost, journeyman MiBe
Shoals:4 Bai Suzhen
Snake:1 Roxanne
Zot:5 2 transporters


Innate Abilities, Weirdness & Mutations

You have claws for hands.
You are surrounded by a strong repulsion field. (EV +4, RMsl)
A meltable icy envelope protects you from harm. (AC +8)
You are powered by pain.
You are extremely robust. (+30% HP)
A meltable shield of frost defends you. (SH +4)
You have a pair of small horns on your head.
You are clumsy. (Dex -2)
You are strong-willed. (Will+)
You occasionally lose the ability to read scrolls when taking damage.
You passively dampen the noise of your surroundings.


Message History

Vehumet accepts your kill.
You feel your power returning.
Unknown command.
Unknown command.
What level of the Dungeon? (default 1, ? - help)
There is a stone staircase leading up here.
The winds around you start to calm down.
You float gracefully downwards.
You climb upwards.
There is a stone staircase leading down here.
The winds around you calm down.
There is a stone staircase leading up here.
You climb upwards.
There is a stone staircase leading down here.
You see here 5 stones.
A blizzard demon comes into view.
Casting: Polar Vortex (mildly dangerous; 1% risk of failure)
Confirm with . or Enter, or press ? or * to list all spells.
A great freezing vortex appears and lifts you up.
The plant begins to die. x4
The plant begins to die. x2
The blizzard demon hits you but does no damage.
The blizzard demon misses you.
You kill the blizzard demon!
Vehumet accepts your kill.
You feel your power returning.
The plant begins to die. x3
The plant begins to die. x2; A nearby plant withers and dies. x5
The plant begins to die.
A nearby plant withers and dies.
A tormentor comes into view.
You kill the tormentor!
Vehumet accepts your kill.
You feel your power returning.
The winds around you start to calm down.
You float gracefully downwards.
A nearby plant withers and dies.
You are engulfed in whirling frost.
A nearby plant withers and dies. x3
A nearby plant withers and dies.
A nearby plant withers and dies.
The winds around you calm down.
There is a staircase leading out of the dungeon here.
You have escaped!

#.....##.#....#.....
##...##..#.##...##..
#.....#..#.###..##..
##...##..#..##...>..
#.....#.###....##..#
##...##..#####..#...
#.....#..#####...>..
##...##.........##..
#.@.##.#####.......
######.# #.#..#..
#.# #.# ##.#.....
#.# #.# #....#...
#.# #.# #....÷...
#.########.##.....
###..#####....##....
#........#..##...#..
#.....(......##..#..


There were no monsters in sight!

Vanquished Creatures
  4 dread liches
  2 pandemonium lords
  7 orbs of fire
  Mara (Elf:3)
  2 ancient liches (Zot:5)
  Josephina (Depths:4)
  Boris (Depths:1)
  6 Killer Klowns
  Saint Roka (Elf:3)
  3 caustic shrikes (Depths:3)
  The ghost of Prykner the Executioner, an adept HOFi of Jiyva (Vaults:4)
  the Enchantress (Depths:2)
  6 golden dragons
  A bone dragon (Depths:4)
  A Brimstone Fiend (Zot:2)
  5 electric golems
  19 tentacled monstrosities
  A Hell Sentinel (D:3)
  Zenata (Vaults:3)
  2 hellephants
  A walking earthen tome (Depths:3)
  Asterion (Elf:3)
  7 liches
  Mlioglotl (Shoals:2)
  23 Orb Guardians (Zot:5)
  A walking crystal tome (Depths:3)
  2 quicksilver dragons
  6 titans (Vaults:5)
  A walking frostbound tome (Depths:3)
  A deep elf master archer (Elf:3)
  A deep elf blademaster (Elf:3)
  An Executioner (D:3)
  4 sphinxes
  An ancient champion (Vaults:3)
  Polyphemus (Shoals:3)
  Gastronok (Lair:1)
  9 death cobs
  12 storm dragons
  Aizul (Elf:3)
  12 shadow dragons
  4 tengu reavers
  Ilsuiw (Shoals:2)
  12 fire giants
  3 protean progenitors
  6 nagarajas
  A daeva (Zot:2)
  8 deep elf sorcerers
  11 draconian knights
  4 draconian monks
  10 iron dragons
  2 narguns (Depths:3)
  An imperial myrmidon (Desolation)
  6 draconian shifters
  12 frost giants
  A balrug (D:11)
  6 draconian scorchers
  18 vault wardens
  A ghost moth (Zot:2)
  3 orc warlords
  7 spriggan defenders
  3 draconian stormcallers
  3 deep elf elementalists (Elf:3)
  12 draconian annihilators
  9 ironbound thunderhulks
  19 ironbound preservers
  30 very ugly things
  A formless jellyfish (Vaults:1)
  3 deep elf demonologists (Elf:3)
  5 vampire knights
  14 stone giants
  11 dire elephants
  18 red draconians
  6 black draconians
  10 deep elf annihilators
  7 deep elf death magi
  2 war gargoyles
  11 white draconians
  2 green draconians
  6 yellow draconians
  A spark wasp (shapeshifter) (Vaults:5)
  3 halazid warlocks (Desolation)
  8 purple draconians
  5 spark wasps
  13 merfolk impalers
  11 ettins
  A crystal guardian (Vaults:4)
  A blizzard demon (D:1)
  7 merfolk javelineers
  5 yaktaur captains
  7 deep elf high priests
  11 fire dragons
  An entropy weaver (shapeshifter) (D:15)
  2 entropy weavers
  33 vault guards
  10 ragged hierophants (Desolation)
  8 hydras
  8 peacekeepers
  5 great orbs of eyes
  4 ogre magi
  4 ice dragons
  7 rakshasas
  A hell beast (D:10)
  A caustic shrike simulacrum (Depths:4)
  4 catoblepae
  4 merfolk avatars
  5 servants of whispers (Desolation)
  3 salamander tyrants (Snake:4)
  11 ironbound frosthearts
  14 anacondas
  A satyr (Zot:5)
  2 centaur warriors
  2 merfolk aquamancers
  A spriggan skeleton (Depths:2)
  8 spriggan air magi
  2 alligator snapping turtles (Shoals:4)
  7 boulder beetles
  14 naga warriors
  9 death yaks
  11 two-headed ogres
  43 dancing weapons
  7 deep troll shamans
  2 orc high priests
  4 tengu warriors
  5 deep troll earth magi
  7 hell hogs (Depths:2)
  5 naga sharpshooters
  9 shock serpents
  9 hell knights
  An occultist (Depths:1)
  8 spriggan berserkers
  A soul eater (Zot:1)
  Nergalle (Lair:1)
  18 deep elf knights
  3 iron trolls
  2 sun demons (D:11)
  4 salamander mystics
  2 fire crabs
  A shadow wraith (Vaults:5)
  2 skysharks
  2 skysharks (shapeshifter)
  A golden dragon zombie (Depths:2)
  7 skeletal warriors
  A death drake (shapeshifter) (Depths:4)
  5 naga ritualists
  55 deep trolls
  8 arcanists
  A mana viper (shapeshifter) (Depths:2)
  A sea snake (shapeshifter) (Vaults:5)
  3 glowing orange brains
  14 sea snakes
  6 mana vipers
  A deep troll (shapeshifter) (Vaults:5)
  3 flayed ghosts
  27 ironbound convokers
  31 deep elf pyromancers
  18 lindwurms
  7 orc knights
  4 lightning spires (Elf:1)
  9 phantasmal warriors
  7 deep elf archers
  28 harpies
  9 necromancers
  An orb spider (shapeshifter) (Depths:4)
  An elf skeleton (Vaults:3)
  15 deep elf zephyrmancers
  10 fauns
  A tengu skeleton (Vaults:3)
  3 orc sorcerers (Orc:2)
  5 cyclopes
  An oklob plant (Lair:5)
  8 salamanders
  A wolf spider (Lair:1)
  A shining eye (shapeshifter) (Vaults:5)
  7 manticores
  28 moths of wrath
  A toenail golem (D:11)
  A stone giant skeleton (Vaults:3)
  A cyclops (shapeshifter) (Vaults:5)
  2 shadow dragon skeletons (Vaults:3)
  40 ugly things
  A frost giant skeleton (Vaults:3)
  An ice statue (IceCv)
  10 merfolk sirens
  An elephant (Lair:5)
  2 fire giant skeletons
  A water nymph (shapeshifter) (Vaults:5)
  A kobold blastminer (Orc:2)
  32 black mambas
  2 molten gargoyles (Desolation)
  2 torpor snails (Lair:3)
  2 rust devils (D:12)
  16 vault sentinels
  14 naga magi
  9 guardian serpents
  4 cane toads
  2 water nymphs (Shoals:3)
  2 centaur skeletons (D:15)
  4 large abominations
  Jeremiah (D:7)
  3 gargoyles
  An unseen horror (D:10)
  An orange demon (D:10)
  A kobold demonologist (D:11)
  A tormentor (D:1)
  11 komodo dragons
  6 rime drakes
  An efreet (D:9)
  4 freezing wraiths
  4 yaktaurs
  8 tengu conjurers
  A yaktaur skeleton (Vaults:3)
  6 trolls
  A red devil (D:12)
  37 merfolk
  A human skeleton (Vaults:3)
  A hellwing (D:12)
  A wind drake (shapeshifter) (Vaults:5)
  3 spectral nagas (Snake:4)
  A polar bear (IceCv)
  A tarantella (shapeshifter) (Depths:1)
  18 blink frogs
  64 saltlings
  A tengu simulacrum (Depths:4)
  8 wind drakes
  13 hornets
  A dream sheep (shapeshifter) (Vaults:5)
  6 dream sheep
  4 glass eyes
  A snapping turtle (shapeshifter) (Vaults:5)
  3 iron dragon simulacra (Depths:4)
  A deep troll skeleton (Vaults:3)
  12 snapping turtles
  A culicivora (Vaults:2)
  Sigmund (D:3)
  9 air elementals (Elf:1)
  2 fire giant simulacra (Depths:2)
  46 slime creatures
  10 spriggans
  2 wyverns
  2 ynoxinuls
  24 water elementals
  29 yaks
  2 shadows
  A vampire (D:11)
  A wraith (D:10)
  6 fire elementals
  2 redbacks
  4 vampire mosquitoes
  A warg (Elf:3)
  4 basilisks
  5 chaos spawn
  2 acid dragons
  38 nagas
  9 water moccasins
  A glowing shapeshifter skeleton (Vaults:3)
  3 hell hounds (D:5)
  17 orc warriors
  A black bear (shapeshifter) (D:14)
  2 sky beasts (D:7)
  2 ice beasts
  2 black bears
  15 wolves
  A phantom (D:5)
  6 centaurs
  14 ogres
  A kobold brigand (D:7)
  4 elf zombies (Elf:1)
  6 bullfrogs
  6 gnoll sergeants (D:9)
  An earth elemental (Elf:3)
  A scorpion (D:4)
  12 wights
  Dowan (D:7)
  3 electric eels (Lair:3)
  5 howler monkeys
  A bombardier beetle (D:6)
  A lava snake (D:12)
  Crazy Yiuf (D:3)
  3 hounds
  A gnoll bouda (D:8)
  13 orc priests
  Jessica (D:3)
  3 iguanas
  22 orc wizards
  15 gnolls
  9 adders
  A white imp (D:5)
  2 ufetubi (D:6)
  A dart slug (D:4)
  2 ribbon worms (D:2)
  71 orcs
  7 ball pythons
  5 endoplasms
  5 giant cockroaches
  8 goblins
  11 hobgoblins
  4 jackals (D:4)
  13 kobolds
  2 quokkas
  3 bats
  2 frilled lizards
  6 rats
  4 aspiring fleshes
  39 spectral weapons
2100 creatures vanquished.

Vanquished Creatures (collateral kills)
  A frost giant (IceCv)
  An ironbound preserver (D:13)
  A dire elephant (D:13)
  An entropy weaver (D:13)
  2 rakshasas (D:15)
  3 hydras
  An alligator (Lair:3)
  An ogre mage (D:15)
  A catoblepas (Lair:5)
  An anaconda (Lair:2)
  2 two-headed ogres (D:13)
  A tengu warrior (D:14)
  4 death yaks
  A skyshark (Lair:2)
  2 skeletal warriors (D:13)
  3 mana vipers
  A naga ritualist (Snake:1)
  An orc knight (Orc:2)
  An orc sorcerer (Orc:2)
  A manticore (Lair:5)
  8 ugly things
  A cyclops (D:13)
  A black mamba (Snake:4)
  3 elephants (Lair:5)
  A smoke demon (D:12)
  Maggie (Lair:1)
  A komodo dragon (Lair:5)
  5 rime drakes
  4 cane toads
  A yaktaur (D:14)
  4 trolls
  4 polar bears
  2 merfolk (Lair:3)
  2 saltlings (Orc:2)
  3 hornets (D:14)
  6 blink frogs
  A centaur simulacrum (D:15)
  4 slime creatures
  25 yaks
  4 vampire mosquitoes
  Duvessa (D:7)
  3 water moccasins
  3 orc warriors (Orc:2)
  13 wolves
  2 ogres
  5 centaurs
  3 bullfrogs
  A gnoll sergeant (D:11)
  A wight (D:8)
  2 howler monkeys (D:8)
  2 orc priests
  An orc wizard (D:9)
  5 adders (Lair:1)
  A gnoll (D:9)
  8 orcs
162 creatures vanquished.

Vanquished Creatures (others)
  A deep elf zephyrmancer (Elf:2)
  12 ball lightnings
  2 spectral weapons
15 creatures vanquished.

Grand Total: 2277 creatures vanquished

Notes
Turn   | Place    | Note
-------+----------+-------------------------------------------
     0 | D:1      | GordonOverkill the Demonspawn Air Elementalist began the
                  | quest for the Orb.
     0 | D:1      | Reached XP level 1. HP: 13/13 MP: 3/3
   226 | D:1      | Found Binaimit's Weapon Shoppe.
   280 | D:1      | Gained mutation: A meltable shield of frost defends you.
                  | (SH +4) [demonic ancestry]
   280 | D:1      | Reached XP level 2. HP: 17/19 MP: 1/5
  1032 | D:2      | Found a faded altar of an unknown god.
  1036 | D:2      | Learned a level 2 spell: Static Discharge
  1089 | D:2      | Gained mutation: You have sharp fingernails. [demonic
                  | ancestry]
  1089 | D:2      | Reached XP level 3. HP: 23/24 MP: 4/6
  1229 | D:2      | Reached skill level 1 in Fighting
  1233 | D:2      | Learned a level 3 spell: Swiftness
  1371 | D:2      | Found Janack's Jewellery Shop.
  1390 | D:2      | Found a sparkling altar of Nemelex Xobeh.
  1578 | D:3      | Noticed Jessica
  1587 | D:3      | Killed Jessica
  1588 | D:3      | Gained mutation: A meltable icy envelope protects you from
                  | harm. (AC +8) [demonic ancestry]
  1588 | D:3      | Reached XP level 4. HP: 26/32 MP: 3/7
  1831 | D:3      | Noticed Sigmund
  1840 | D:3      | Killed Sigmund
  1841 | D:3      | Reached skill level 1 in Short Blades
  1841 | D:3      | Reached XP level 5. HP: 30/38 MP: 2/9
  1952 | D:3      | Found a runed translucent door.
  1953 | D:3      | Noticed Crazy Yiuf
  2366 | D:3      | Killed Crazy Yiuf
  2367 | D:3      | Reached XP level 6. HP: 29/44 MP: 3/10
  2594 | D:4      | Found a burning altar of Makhleb.
  3560 | D:5      | Entered Level 5 of the Dungeon
  3569 | D:4      | Reached XP level 7. HP: 35/51 MP: 6/13
  3673 | D:5      | Learned a level 4 spell: Airstrike
  3676 | D:5      | Learned a level 2 spell: Blink
  3706 | D:5      | You fall into a shaft and drop 1 floor!
  3928 | D:5      | Reached skill level 5 in Conjurations
  4018 | D:5      | Reached skill level 1 in Translocations
  4130 | D:5      | Reached skill level 5 in Air Magic
  4188 | D:5      | Found a blossoming altar of Fedhas.
  4205 | D:5      | Gained mutation: You sometimes gain a little power by
                  | taking damage. [demonic ancestry]
  4205 | D:5      | Reached XP level 8. HP: 51/58 MP: 6/14
  4258 | D:5      | Found a snail-covered altar of Cheibriados.
  4498 | D:5      | Found Siyl's Antique Armour Emporium.
  4514 | D:5      | Bought an encrusted robe for 136 gold pieces
  4514 | D:5      | Identified the +3 robe "Kimuarig" {Int+3} (You bought it in
                  | a shop on level 5 of the Dungeon)
  4866 | D:6      | Identified the +0 ring mail of the Northern Lights {rPois
                  | rN++ MP-9 Int+9}
  5284 | D:7      | Reached skill level 5 in Spellcasting
  5284 | D:7      | Reached skill level 1 in Evocations
  5308 | D:7      | Noticed a hornet
  5310 | D:7      | Killed a hornet
  5312 | D:7      | Noticed Jeremiah
  5334 | D:7      | Killed Jeremiah
  5375 | D:7      | Reached XP level 9. HP: 63/63 MP: 5/17
  5433 | D:7      | Noticed a +0 dagger
  5434 | D:7      | Noticed a +0 hand axe
  5506 | D:7      | Found a hide-covered altar of Uskayaw.
  5562 | D:7      | Noticed Duvessa
  5565 | D:7      | Noticed Dowan
  5568 | D:7      | Killed Dowan
  6017 | D:7      | Learned a level 4 spell: Summon Lightning Spire
  6101 | D:7      | Found a staircase to the Ecumenical Temple.
  6125 | Temple   | Entered the Ecumenical Temple
  6146 | Temple   | Became a worshipper of Vehumet
  6411 | D:7      | Killed Duvessa
  6562 | D:7      | Found a hide-covered altar of Uskayaw.
  6613 | D:7      | Found a staircase to the Ecumenical Temple.
  7016 | D:8      | Found a staircase to the Lair.
  7187 | D:8      | Noticed a troll
  7193 | D:8      | Killed a troll
  7858 | D:8      | Reached * piety under Vehumet
  7858 | D:8      | Offered knowledge of Sting by Vehumet.
  8341 | D:9      | Learned a level 3 spell: Passwall
  8348 | D:9      | Gained mutation: You are surrounded by a mild repulsion
                  | field. (EV +2) [demonic ancestry]
  8348 | D:9      | Reached XP level 10. HP: 71/71 MP: 2/20
  8502 | D:9      | Found an ornate altar of the Wu Jian Council.
  8649 | D:9      | Found an opulent altar of Gozag.
  8995 | D:9      | Found Zoggomot's Antique Armour Boutique.
  9039 | D:9      | Bought a pair of distressingly furry gloves for 237 gold
                  | pieces
  9039 | D:9      | Identified the +0 pair of gloves of Hinyhoss {SInv} (You
                  | bought it in a shop on level 9 of the Dungeon)
  9039 | D:9      | Bought a runed helmet for 187 gold pieces
  9112 | D:9      | Found a staircase to the Orcish Mines.
  9267 | D:9      | Found a sacrificial altar of Ru.
  9512 | D:9      | Reached skill level 10 in Air Magic
  9520 | D:9      | Reached skill level 1 in Earth Magic
  9542 | D:9      | Reached ** piety under Vehumet
  9752 | D:10     | Entered Level 10 of the Dungeon
  9755 | D:10     | Offered knowledge of Mercury Vapours by Vehumet.
 10223 | D:10     | Reached skill level 5 in Fighting
 10365 | D:10     | Found a broken altar of Ashenzari.
 10545 | D:10     | Reached XP level 11. HP: 79/79 MP: 9/23
 10614 | D:11     | Noticed a two-headed ogre
 10614 | D:11     | Found a transporter.
 10614 | D:11     | Found a transporter.
 10615 | D:11     | Noticed ozzols's ghost (journeyman MiBe)
 10616 | D:11     | Identified the +0 giant club of Rubbish {holy, rN++ Dex+5
                  | Stlth-}
 10616 | D:11     | Identified the +1 dire flail of Corpus Delicti {freeze,
                  | rPois}
 10616 | D:11     | Noticed a two-headed ogre
 10617 | D:11     | Noticed a two-headed ogre
 10618 | D:11     | Noticed a two-headed ogre
 10759 | D:11     | Found a shimmering altar of Xom.
 10761 | D:11     | Found the +7 mace of Variability {chaos, chaos arc}
 10865 | D:11     | Noticed a two-headed ogre
 10869 | D:11     | Killed a two-headed ogre
 10891 | D:11     | Offered knowledge of Inner Flame by Vehumet.
 11154 | D:11     | Reached *** piety under Vehumet
 11160 | D:11     | Found a frozen archway.
 11166 | D:11     | Reached skill level 5 in Evocations
 11173 | IceCv    | Entered an ice cave
 11408 | IceCv    | Noticed a death yak
 11426 | IceCv    | Killed a death yak
 11835 | IceCv    | Noticed a death yak
 11919 | IceCv    | Noticed a death yak
 11928 | IceCv    | Killed a death yak
 12123 | IceCv    | Noticed a death yak
 12138 | IceCv    | Killed a death yak
 12143 | IceCv    | Killed a death yak
 12143 | IceCv    | Offered knowledge of Brom's Barrelling Boulder by Vehumet.
 12144 | IceCv    | Reached XP level 12. HP: 88/91 MP: 7/24
 12270 | IceCv    | Noticed a death yak
 12270 | IceCv    | Noticed a frost giant
 12295 | IceCv    | Killed a death yak
 12298 | IceCv    | Killed a frost giant
 12299 | IceCv    | Reached skill level 10 in Spellcasting
 13374 | Orc:1    | Entered Level 1 of the Orcish Mines
 13520 | Orc:2    | Entered Level 2 of the Orcish Mines
 13520 | Orc:2    | Found a staircase to the Elven Halls.
 13594 | Orc:1    | Found a burning altar of Makhleb.
 13641 | Orc:2    | Reached **** piety under Vehumet
 14155 | Orc:2    | Found Horinix's Magic Scroll Boutique.
 14161 | Orc:2    | Bought a scroll of blinking for 90 gold pieces
 14161 | Orc:2    | Bought 2 scrolls of identify for 48 gold pieces
 14161 | Orc:2    | Bought a scroll of identify for 24 gold pieces
 14161 | Orc:2    | Bought a scroll of identify for 24 gold pieces
 14161 | Orc:2    | Bought a scroll of identify for 24 gold pieces
 14201 | Orc:2    | Reached skill level 5 in Dodging
 14232 | Orc:2    | Noticed a two-headed ogre
 14232 | Orc:2    | Noticed an orc warlord
 14278 | Orc:2    | Killed a two-headed ogre
 14281 | Orc:2    | Killed an orc warlord
 14406 | Orc:1    | Offered knowledge of Stone Arrow by Vehumet.
 15383 | Orc:2    | Gained mutation: You have very sharp fingernails. [demonic
                  | ancestry]
 15383 | Orc:2    | Reached XP level 13. HP: 74/96 MP: 20/27
 15948 | Orc:2    | Found Deniebb's Antique Weapon Shoppe.
 16109 | Orc:2    | Found Qesh's Antique Armour Shoppe.
 16111 | Orc:2    | Found Saril's Antique Weapon Shoppe.
 16186 | Orc:2    | Bought a scroll of teleportation for 36 gold pieces
 16186 | Orc:2    | Bought a scroll of fear for 48 gold pieces
 16186 | Orc:2    | Bought a scroll of teleportation for 36 gold pieces
 16282 | Lair:1   | Entered Level 1 of the Lair of Beasts
 16340 | Lair:1   | Reached ***** piety under Vehumet
 16430 | Lair:1   | Offered knowledge of Starburst by Vehumet.
 16799 | Lair:1   | Noticed Maggie
 16806 | Lair:1   | Killed Maggie
 17482 | Lair:1   | Found a hide-covered altar of Uskayaw.
 17484 | Lair:1   | Found an ornate altar of the Wu Jian Council.
 17550 | Lair:1   | Noticed Gastronok
 17558 | Lair:1   | Killed Gastronok
 17606 | Lair:1   | Noticed Nergalle
 17614 | Lair:1   | Killed Nergalle
 19196 | Lair:2   | Found a staircase to the Snake Pit.
 20319 | Lair:3   | Gained mutation: You are surrounded by a moderate repulsion
                  | field. (EV +3) [demonic ancestry]
 20319 | Lair:3   | Reached XP level 14. HP: 108/108 MP: 8/31
 21018 | Lair:3   | Found a staircase to the Shoals.
 21741 | Lair:3   | Identified a scroll of acquirement
 21741 | Lair:3   | Acquired the ring "Laat" {rC+ MP+9 AC+4 Slay+2}
 21891 | Lair:4   | Reached skill level 15 in Air Magic
 23355 | Lair:5   | Entered Level 5 of the Lair of Beasts
 23522 | Lair:5   | Reached skill level 10 in Fighting
 23971 | Lair:5   | Offered knowledge of Conjure Ball Lightning by Vehumet.
 24172 | Lair:5   | Found a staircase to the Slime Pits.
 24862 | Lair:5   | Reached XP level 15. HP: 101/115 MP: 27/33
 25289 | D:8      | Learned a level 6 spell: Conjure Ball Lightning
 25459 | D:12     | Reached skill level 1 in Ice Magic
 25750 | D:12     | Reached skill level 2 in Ice Magic
 26106 | D:12     | Reached skill level 3 in Ice Magic
 26619 | D:13     | Identified the -2 cloak "Goebloi" {+Blink}
 26943 | D:13     | Reached skill level 4 in Ice Magic
 27073 | D:13     | Found a gate to the Vaults.
 27609 | D:13     | Reached skill level 5 in Ice Magic
 27718 | D:13     | Reached skill level 6 in Ice Magic
 28176 | D:13     | Learned a level 7 spell: Ozocubu's Refrigeration
 28300 | D:14     | Reached skill level 7 in Ice Magic
 29026 | D:14     | Offered knowledge of Freezing Cloud by Vehumet.
 29074 | D:14     | Paralysed by a hornet for 3 turns
 29674 | D:14     | Found the +0 pair of fencer's gloves {Riposte Dex+3}
 29771 | D:14     | Reached skill level 8 in Ice Magic
 30200 | D:15     | Entered Level 15 of the Dungeon
 30243 | D:15     | Reached skill level 1 in Shields
 30640 | D:15     | Found a staircase to the Depths.
 30922 | D:14     | Reached skill level 5 in Shields
 31928 | D:15     | Gained mutation: You are surrounded by a strong repulsion
                  | field. (EV +4, RMsl) [demonic ancestry]
 31928 | D:15     | Reached XP level 16. HP: 122/122 MP: 31/34
 32473 | D:15     | Acquired Sif Muna's Atlas of Chilblains and Alteration
 32481 | D:15     | Learned a level 5 spell: Freezing Cloud
 32588 | D:13     | Reached skill level 9 in Ice Magic
 32776 | Snake:1  | Entered Level 1 of the Snake Pit
 33409 | Snake:1  | Noticed Roxanne
 33515 | Snake:1  | Reached skill level 10 in Ice Magic
 34779 | Snake:2  | Reached skill level 11 in Ice Magic
 35862 | Snake:2  | Acquired 1227 gold pieces
 36110 | Snake:3  | Reached skill level 12 in Ice Magic
 36111 | Snake:3  | Reached ****** piety under Vehumet
 36654 | Snake:3  | Found Umocrygg's Antique Weapon Shop.
 36662 | Snake:3  | Found Uzxeuptu's Jewellery Boutique.
 36891 | Snake:3  | Found Joarch's Distillery.
 36902 | Snake:3  | Bought a potion of heal wounds for 65 gold pieces
 36902 | Snake:3  | Bought a potion of curing for 39 gold pieces
 36902 | Snake:3  | Bought a potion of cancellation for 104 gold pieces
 36902 | Snake:3  | Bought a potion of heal wounds for 65 gold pieces
 36902 | Snake:3  | Bought a potion of enlightenment for 65 gold pieces
 37127 | Snake:4  | Entered Level 4 of the Snake Pit
 37262 | Snake:4  | Reached skill level 13 in Ice Magic
 37339 | Snake:4  | Identified the +7 war axe of Malaise {antimagic, Str+8
                  | Int-5 Stlth+}
 37545 | Snake:4  | Offered knowledge of Arcjolt by Vehumet.
 37846 | Snake:4  | Gained mutation: A meltable icy envelope protects you from
                  | harm. (AC +8) [demonic ancestry]
 37846 | Snake:4  | Reached XP level 17. HP: 128/128 MP: 17/35
 38138 | Snake:4  | Reached skill level 14 in Ice Magic
 38388 | Snake:4  | Found Povezy's Antique Armour Boutique.
 39442 | Snake:4  | Reached skill level 15 in Ice Magic
 40110 | Snake:4  | Found Tuijot's Book Shoppe.
 40112 | Snake:4  | Found Enuorphu's Jewellery Shop.
 40227 | Snake:4  | Found Iffo's Book Shoppe.
 40233 | Snake:4  | Bought a book of the Spheres for 1088 gold pieces
 40235 | Snake:4  | Bought the ring of Voastrugo {rPois Int+6} for 613 gold
                  | pieces
 40607 | Snake:4  | Got a serpentine rune of Zot
 41454 | Shoals:1 | Entered Level 1 of the Shoals
 41468 | Shoals:1 | Found Hyceizar's General Store.
 41471 | Shoals:1 | Found a basalt altar of Yredelemnul.
 41479 | Shoals:1 | Bought a potion of haste for 190 gold pieces
 41942 | Shoals:1 | Reached skill level 16 in Ice Magic
 41952 | Shoals:1 | Learned a level 9 spell: Polar Vortex
 42145 | Shoals:1 | Identified the serpent talisman "Gyuti" {rElec Str+6 Dex-4
                  | Stlth+}
 42274 | Shoals:1 | Found Gneomuif's Goods Gallery.
 42496 | Shoals:2 | Noticed Ilsuiw
 42632 | Shoals:2 | Noticed Mlioglotl
 42675 | Shoals:2 | Killed Ilsuiw
 43473 | Shoals:2 | Killed Mlioglotl
 43751 | Shoals:3 | Reached skill level 17 in Ice Magic
 43877 | Shoals:3 | Offered knowledge of Plasma Beam by Vehumet.
 43996 | Shoals:3 | Gained mutation: You have claws for hands. [demonic
                  | ancestry]
 43996 | Shoals:3 | Reached XP level 18. HP: 134/134 MP: 18/36
 44162 | Shoals:3 | Noticed Polyphemus
 44166 | Shoals:3 | Killed Polyphemus
 45087 | Shoals:3 | Reached skill level 18 in Ice Magic
 45318 | Shoals:4 | Entered Level 4 of the Shoals
 45786 | Shoals:4 | Identified the +0 scale mail "Dirakhysk" {rC++}
 46230 | Shoals:4 | Offered knowledge of Spellforged Servitor by Vehumet.
 46370 | Shoals:4 | Got a barnacled rune of Zot
 46435 | Shoals:4 | Reached skill level 19 in Ice Magic
 46620 | Shoals:4 | Identified the staff of Conscience {rF+ rC- Int+2 Stlth+
                  | Fire}
 47008 | Shoals:4 | Noticed Bai Suzhen
 47646 | Vaults:1 | Entered Level 1 of the Vaults
 49232 | Vaults:1 | Reached skill level 20 in Ice Magic
 49723 | Vaults:1 | Gained mutation: You sometimes gain power by taking damage.
                  | [demonic ancestry]
 49723 | Vaults:1 | Reached XP level 19. HP: 140/140 MP: 35/37
 49727 | Vaults:1 | Found Viunk's General Store.
 49729 | Vaults:1 | Offered knowledge of Lehudib's Crystal Spear by Vehumet.
 51240 | Vaults:2 | Reached skill level 21 in Ice Magic
 51572 | Vaults:2 | Found Poebboto's General Store.
 51755 | Vaults:2 | Found Kunuapp's Armour Shop.
 51761 | Vaults:2 | Bought a +1 buckler of fire resistance for 280 gold pieces
 51781 | Vaults:2 | Found Qacugri's Armour Shop.
 51875 | Vaults:2 | Offered knowledge of Fire Storm by Vehumet.
 51875 | Vaults:2 | Offered knowledge of Chain Lightning by Vehumet.
 51875 | Vaults:2 | Offered knowledge of Ignition by Vehumet.
 52995 | Vaults:2 | Reached skill level 22 in Ice Magic
 55137 | Vaults:3 | Identified the +2 chain mail "Nipt" {rElec Regen+ Int-2
                  | SInv}
 55143 | Vaults:3 | Reached XP level 20. HP: 147/147 MP: 28/38
 55393 | Vaults:3 | Noticed Zenata
 55397 | Vaults:3 | Killed Zenata
 55959 | Vaults:3 | Reached skill level 23 in Ice Magic
 57985 | Vaults:3 | Found a staircase to the Crypt.
 59862 | Vaults:4 | Found a large runed translucent door.
 59862 | Vaults:4 | Found a large runed translucent door.
 59862 | Vaults:4 | Noticed Prykner's ghost (adept HOFi)
 60501 | Vaults:4 | Identified the +1 scale mail "Irouckuofa" {rElec Regen+
                  | Int-2}
 60998 | Vaults:4 | Found the +27 heavy crossbow "Sniper" {heavy, Acc+∞ SInv}
 61003 | Vaults:4 | Found the +6 arbalest "Damnation" {damnation}
 61256 | Vaults:4 | Killed Prykner's ghost
 61799 | Depths:1 | Entered Level 1 of the Depths
 61806 | Depths:1 | Noticed Boris
 62071 | Depths:1 | Killed Boris
 62455 | Depths:1 | Found a one-way gate to the infinite horrors of the Abyss.
 62478 | Depths:1 | Reached skill level 15 in Spellcasting
 62719 | Depths:1 | Found a one-way gateway to a ziggurat.
 63291 | Depths:1 | Found a sparkling altar of Nemelex Xobeh.
 63325 | Depths:1 | Found a hazy altar of Hepliaklqana.
 63499 | Depths:1 | Found a gateway to Hell.
 63589 | Depths:1 | Identified the +7 glaive of a bazaar {freeze, ^Fragile rN++
                  | Dex+5}
 63626 | Depths:2 | Noticed the Enchantress
 63630 | Depths:2 | Killed the Enchantress
 63984 | Depths:2 | Found a one-way gate leading to the halls of Pandemonium.
 64122 | Depths:2 | Gained mutation: You are robust. (+10% HP) [demonic
                  | ancestry]
 64122 | Depths:2 | Reached XP level 21. HP: 160/182 MP: 40/40
 64717 | Depths:2 | Reached skill level 15 in Fighting
 64878 | Depths:2 | You fall into a shaft and drop 1 floor!
 64890 | Depths:3 | Noticed a caustic shrike
 67516 | Depths:3 | Killed a caustic shrike
 67634 | Depths:3 | Identified the +0 robe of Xom's Hope {rC+}
 67721 | Depths:3 | Noticed a golden dragon
 67727 | Depths:3 | Killed a golden dragon
 68103 | Depths:3 | Noticed a caustic shrike
 68157 | Depths:3 | Killed a caustic shrike
 68334 | Depths:3 | Noticed a caustic shrike
 68339 | Depths:3 | Killed a caustic shrike
 68521 | Depths:3 | Reached skill level 10 in Dodging
 68673 | Depths:3 | Reached XP level 22. HP: 140/192 MP: 43/43
 69396 | Depths:3 | Identified the +5 double sword of Gonyl {drain, rF+ Will++
                  | Str+2 SInv}
 69398 | Depths:3 | Identified the +8 double sword of Dissolution {spect,
                  | Int+5}
 69500 | Depths:3 | Acquired the +0 pair of boots "Oviakoso" {rElec Dex+3}
 69919 | Depths:3 | Identified the +3 long sword of Zoimeixt {freeze, Int+2}
 70347 | Snake:4  | Bought a manual of Air Magic for 1680 gold pieces
 70739 | Depths:4 | Entered Level 4 of the Depths
 71031 | Depths:4 | Found a shadowy altar of Dithmenos.
 71132 | Depths:4 | Identified the ring of Cyokk {Ice ^Drain Str+2 Int+2}
 71132 | Depths:4 | Noticed Josephina
 71136 | Depths:4 | Reached skill level 10 in Shields
 71144 | Depths:4 | Killed Josephina
 71870 | Depths:4 | Found a gate to the Realm of Zot.
 71939 | Depths:4 | Found Nynosez's Jewellery Shop.
 71992 | Depths:4 | Noticed a golden dragon
 72023 | Depths:4 | Killed a golden dragon
 72827 | Elf:1    | Entered Level 1 of the Elven Halls
 72837 | Elf:1    | Learned a level 8 spell: Maxwell's Capacitive Coupling
 72899 | Elf:1    | Found a runed translucent door.
 73314 | Elf:1    | Got the Elucidation of Resurrection
 73547 | Elf:1    | Paralysed by an air elemental for 1 turns
 73922 | Elf:1    | Reached skill level 24 in Ice Magic
 73973 | Elf:1    | Found Veta Nau's Assorted Antiques.
 73979 | Elf:1    | Bought a potion of invisibility for 160 gold pieces
 73979 | Elf:1    | Bought a scroll of fear for 80 gold pieces
 74809 | Elf:2    | Found a crumbling gateway.
 74901 | Desolati | Entered the Desolation of Salt
 75109 | Desolati | Identified the +10 trident "Death Rattle" {flame, *Corrode
                  | rPois Str+8 Int-3}
 75109 | Desolati | Identified the ring "Laix" {MP+9 Dex+3}
 75154 | Desolati | Gained mutation: You are very robust. (+20% HP) [demonic
                  | ancestry]
 75154 | Desolati | Reached XP level 23. HP: 192/217 MP: 40/44
 75275 | Desolati | Identified the ring "Ebouhif" {Ice Dex+6 Slay+2}
 75449 | Desolati | Got Nunasant's Precepts of the Called Winter
 75526 | Desolati | Got the Quarto of Transmogrification and Ouranomancy
 75533 | Desolati | Got Sif Muna's Directory of Points
 75862 | Desolati | Identified the ring of the Median {Fire rN+ Int+5 Dex-2}
 75924 | Desolati | Identified the +0 robe of the Sturgeon {+Inv Int-2 Dex+4
                  | Stlth+}
 75927 | Desolati | Identified the +1 trident "Ompaqeaw" {venom, rPois rN+
                  | Will+++ Dex-5}
 76090 | Desolati | Identified the ring of Nidak {Wiz Str+4 Dex+4}
 76105 | Desolati | Identified the +3 leather armour of the Heavens {Dex+3 SInv
                  | Stlth+}
 76166 | Desolati | Identified the amulet of Beauty {Acrobat ^Fragile rF++
                  | Will+ Slay+4}
 76170 | Desolati | Identified the +1 shortbow "Wiqiol" {flame, rC+ Str+2}
 76675 | Elf:2    | Found a runed translucent gate.
 76676 | Elf:2    | Found a runed translucent gate.
 76676 | Elf:2    | Found a runed translucent gate.
 77459 | Elf:2    | Identified the blade talisman of Naypuix {Int+3}
 77726 | Elf:3    | Entered Level 3 of the Elven Halls
 77789 | Elf:3    | Identified the serpent talisman "Qatrex Nebul" {rCorr Int+3
                  | Slay+2}
 77789 | Elf:3    | Noticed Aizul
 77792 | Elf:3    | Killed Aizul
 77819 | Elf:3    | Reached skill level 10 in Conjurations
 78436 | Elf:3    | Noticed Saint Roka
 78456 | Elf:3    | Killed Saint Roka
 78656 | Elf:3    | Noticed Mara
 78664 | Elf:3    | Killed Mara
 78666 | Elf:3    | Noticed Asterion
 78674 | Elf:3    | Killed Asterion
 78930 | Elf:3    | Identified the +5 flail of Plague {freeze, *Slow Int+3
                  | Dex+6}
 78930 | Elf:3    | Identified the +2 robe of the Armadillo {rElec}
 78947 | Elf:3    | Identified the +8 flail of Luxury {heavy, rPois Stlth+}
 78988 | Elf:3    | Identified the ring "Zumuwkatz" {rC+ rN+}
 79172 | Elf:3    | Identified the +7 halberd of Geedis {vamp, rN++ MP+9}
 79357 | Elf:3    | Identified the +2 hand axe "Qiemitz" {venom, rC+ Dex+5
                  | Stlth+}
 79400 | Elf:3    | Identified the +4 tower shield "Earthly Heaven" {rC+ Regen+
                  | Dex-4}
 80361 | Vaults:4 | Learned a level 9 spell: Chain Lightning
 80374 | Vaults:5 | Entered Level 5 of the Vaults
 80378 | Vaults:5 | Reached XP level 24. HP: 207/225 MP: 44/44
 80999 | Vaults:5 | Gained mutation: Your health recovers twice as slowly from
                  | being drained. [a shining eye]
 81001 | Vaults:5 | Gained mutation: Your body sometimes deteriorates upon
                  | taking damage. [a shining eye]
 82486 | Vaults:5 | Noticed a dread lich
 82491 | Vaults:5 | Killed a dread lich
 82512 | Vaults:5 | Noticed a dread lich
 82521 | Vaults:5 | Killed a dread lich
 82766 | Vaults:5 | Reached skill level 15 in Shields
 82825 | Vaults:5 | Identified the ring of Vaetyil {Fire rPois Str+2}
 82952 | Vaults:5 | Got a silver rune of Zot
 83364 | Vaults:5 | Identified the +0 robe "Casarr" {rF++ rCorr Dex+3 Stlth-}
 83396 | Vaults:5 | Identified the staff of Ostrigoc {rF+ Str+3 Dex-3 Fire Ice}
 83396 | Vaults:5 | Identified the amulet "Harreycw" {Acrobat -Cast Fly Str+5}
 83399 | Vaults:5 | Identified the +4 orcbow of the Firefly {flame, ^Fragile
                  | Dex+5}
 83526 | Vaults:5 | Identified the +0 chain mail "Sosauh" {Dex+5}
 83841 | Vaults:5 | Identified the +7 ring mail of Fosy Tint {^Contam Dex+5}
 83991 | Vaults:5 | Identified the +7 short sword of Descent {drain, rElec
                  | rC+++ Stlth+}
 84394 | Zot:1    | Entered Level 1 of the Realm of Zot
 84897 | Zot:1    | Reached skill level 15 in Conjurations
 84955 | Zot:1    | Gained mutation: You are powered by pain. [demonic
                  | ancestry]
 84955 | Zot:1    | Reached XP level 25. HP: 222/230 MP: 8/44
 86913 | Zot:2    | Identified the +1 hand axe "Bocurchau" {drain, rF+ rN+
                  | Str+3}
 86924 | Zot:2    | Noticed an orb of fire
 86926 | Zot:2    | Gained mutation: You are vulnerable to heat. (rF-) [an orb
                  | of fire]
 86933 | Zot:2    | Gained mutation: Your body often deteriorates upon taking
                  | damage. [an orb of fire]
 86934 | Zot:2    | Gained mutation: Your magical capacity is low. (-10% MP)
                  | [an orb of fire]
 86935 | Zot:2    | Killed an orb of fire
 87324 | Zot:2    | Noticed an orb of fire
 87326 | Zot:2    | Gained mutation: Your magical capacity is very low. (-20%
                  | MP) [an orb of fire]
 87327 | Zot:2    | Gained mutation: You are dopey. (Int -2) [an orb of fire]
 87330 | Zot:2    | Killed an orb of fire
 87459 | Zot:2    | Identified the +6 glaive "Ydwaul" {venom, Int+3}
 87459 | Zot:2    | Identified the ring of Duofao {MP+9 Int+2}
 88043 | Zot:2    | Noticed a Killer Klown
 88050 | Zot:2    | Killed a Killer Klown
 88799 | Zot:2    | Noticed an orb of fire
 88800 | Zot:2    | Gained mutation: You occasionally lose the ability to read
                  | scrolls when taking damage. [an orb of fire]
 88804 | Zot:2    | Killed an orb of fire
 89323 | Zot:2    | Found a faded altar of an unknown god.
 89905 | Zot:4    | Lost mutation: Your body often deteriorates upon taking
                  | damage. [potion of mutation]
 89905 | Zot:4    | Lost mutation: Your body sometimes deteriorates upon taking
                  | damage. [potion of mutation]
 89905 | Zot:4    | Gained mutation: You possess an exceptional clarity of
                  | mind. [potion of mutation]
 89906 | Zot:4    | Lost mutation: You are vulnerable to heat. (rF-) [potion of
                  | mutation]
 89906 | Zot:4    | Lost mutation: Your magical capacity is very low. (-20% MP)
                  | [potion of mutation]
 89906 | Zot:4    | Lost mutation: You are dopey. (Int -2) [potion of mutation]
 89906 | Zot:4    | Gained mutation: Your spells are a little easier to cast,
                  | but a little less powerful. [potion of mutation]
 89906 | Zot:4    | Gained mutation: You are strong-willed. (Will+) [potion of
                  | mutation]
 89906 | Zot:4    | Gained mutation: You passively dampen the noise of your
                  | surroundings. [potion of mutation]
 89907 | Zot:4    | Lost mutation: Your spells are a little easier to cast, but
                  | a little less powerful. [potion of mutation]
 89907 | Zot:4    | Lost mutation: You possess an exceptional clarity of mind.
                  | [potion of mutation]
 89907 | Zot:4    | Lost mutation: Your health recovers twice as slowly from
                  | being drained. [potion of mutation]
 89907 | Zot:4    | Gained mutation: You have a pair of small horns on your
                  | head. [potion of mutation]
 89907 | Zot:4    | Lost mutation: Your magical capacity is low. (-10% MP)
                  | [potion of mutation]
 91655 | Zot:5    | Entered Level 5 of the Realm of Zot
 91845 | Zot:5    | Found a transporter.
 91991 | Zot:5    | Found a transporter.
 92156 | Zot:5    | Noticed a dread lich
 92165 | Zot:5    | Killed a dread lich
 92305 | Zot:5    | Noticed an ancient lich
 92549 | Zot:5    | Killed an ancient lich
 92550 | Zot:5    | Gained mutation: You are extremely robust. (+30% HP)
                  | [demonic ancestry]
 92550 | Zot:5    | Reached XP level 26. HP: 224/261 MP: 39/44
 92572 | Zot:5    | Noticed an orb of fire
 92637 | Zot:5    | Killed an orb of fire
 93183 | Zot:5    | Noticed a dread lich
 93187 | Zot:5    | Killed a dread lich
 93235 | Zot:5    | Noticed an orb of fire
 93293 | Zot:5    | Noticed an orb of fire
 93297 | Zot:5    | Killed an orb of fire
 94013 | Zot:5    | Noticed an ancient lich
 94018 | Zot:5    | Killed an ancient lich
 94034 | Zot:5    | Killed an orb of fire
 94133 | Zot:5    | Noticed an orb of fire
 94410 | Zot:5    | Gained mutation: You are clumsy. (Dex -2) [an orb of fire]
 94412 | Zot:5    | Killed an orb of fire
 94556 | Zot:5    | Got the Orb of Zot
 94681 | Zot:2    | Noticed Quniet the pandemonium lord
 94689 | Zot:2    | Killed Quniet the pandemonium lord
 94756 | Zot:1    | Noticed Onneusche the pandemonium lord
 95001 | D:11     | Noticed Ytextok the pandemonium lord
 95087 | D:10     | Noticed Ximirch the pandemonium lord
 95093 | D:10     | Killed Ximirch the pandemonium lord
 95312 | D:$      | Escaped with the Orb!

Illustrated notes

Levels and vault maps discovered:
D:1:      minmay_arrival_plants_in_alcoves, layout_rooms, serial_shops,
          nicolae_shop_window_shopping, minmay_tetromino_s2
D:2:      layout_rooms, basic_ecumenical_altar, basic_altar, serial_shops,
          shop_fountains
D:3:      layout_basic, uniq_crazy_yiuf_cottage, uniq_jessica, uniq_sigmund
D:4:      layout_basic, lightli_temple_of_fire
D:5:      layout_loops_ring, cheibriados_altar_1, old_standard_altar,
          serial_shops, nicolae_shop_stone
D:6:      layout_cave_pools, nicolae_elevator_lobby_plus
D:7:      layout_basic, dancing_weapons_uskayaw,
          minmay_temple_entry_proselytizer, corexii_corridor_pit,
          nicolae_elevator_lobby_asterisk, uniq_duvessa, uniq_jeremiah
D:8:      layout_loops_corners, lair_entry_dummy, billiards_dpeg
D:9:      layout_cave_pools, amcnicky_altar_gilded, nicolae_gozag_seed_capital,
          nicolae_ru_the_path_less_chosen,
          kennysheep_orc_monster_closet_entryway, serial_shops,
          nicolae_shop_peninsula
D:10:     layout_roguey, mainiacjoe_overflow_alcove_4,
          nicolae_ashenzari_panopticon
D:11:     layout_stronghold, portal_ice_cave_entry_pillars_1,
          gammafunk_ghost_smash, minmay_guarded_unrand_variability
D:12:     layout_basic, nicolae_where_there's_smoke
D:13:     layout_basic, hellmonk_vaults_order_and_chaos
D:14:     layout_stronghold, serial_co_window_serial, co_window_paths_a,
          co_window_paths_b, co_window_of_opportunity_a, co_window_paths_b,
          co_window_corner_a, co_window_unsneaky_path_a, co_window_corner_b,
          co_window_broadway_c, co_window_2corner, co_window_corner_b,
          co_window_unsneaky_path_e, glass_columns_c, dreamdust_wasp_nest
D:15:     grunt_enter_depths_magical_seal, layout_small_grid,
          minmay_misc_feat_secret_circle, st_stairs_2
Temple:   nicolae_temple_figure_eight
Lair:1:   minmay_lair_venomous_thicket, layout_hall_layers,
          nicolae_lair_lil_pond, minivault_26, nzn_masters_of_martial_movement,
          uniq_gastronok, uniq_nergalle, uniq_maggie
Lair:2:   layout_loops_ring, nicolae_snake_entry_squirm, grunt_megastairs_5,
          lemuel_fruit_fields
Lair:3:   layout_gridlike, mainiacjoe_shoals_entry_four_pools,
          nicolae_lair_lakeside_cave, grunt_megastairs_1,
          infiniplex_staircase_pool
Lair:4:   layout_layer_cave, serial_bayou_shore_b, grunt_megastairs_3
Lair:5:   evilmike_catoblepas_cave, layout_misc_corridors, slime_entry_1
Shoals:1: layout_shoals, serial_shops, shop, lemuel_altar_in_water,
          nicolae_shoals_lost_giant_baths, nicolae_alphabet_shops
Shoals:2: layout_shoals, nicolae_shoals_land_atoll,
          nicolae_shoals_water_elemental_grotto, uniq_mlioglotl, uniq_ilsuiw
Shoals:3: layout_shoals, nicolae_shoals_hunting_party, uniq_polyphemus
Shoals:4: shoals_end_simple, layout_shoals, abandoned_shop, uniq_bai_suzhen
Snake:1:  layout_misc_corridors, drop_trap, uniq_roxanne
Snake:2:  layout_onion_interference
Snake:3:  layout_grid_shapes, serial_shops, shop, minmay_shoptagon,
          serial_bayou_shore_a
Snake:4:  grunt_snake_rune_serpentine_throne, layout_cave_town, serial_shops,
          nicolae_shop_back_alley_shop, nicolae_snake_ghostly_warrior_ritual,
          lemuel_fruit_tree, minmay_shop_grove
Orc:1:    layout_caves, basic_altar
Orc:2:    hellmonk_orc_salted, layout_diamond_mine
Elf:1:    layout_geoelf_grid, serial_shops, shop, minmay_elf_necromancy,
          hangedman_aerie_drop
Elf:2:    nicolae_elf_blades_crystal_corner, layout_onion_city,
          portal_desolation_entry_nicolae_nacl
Elf:3:    minmay_elf_hall_x, layout_loops_corners, uniq_aizul, uniq_asterion,
          uniq_saint_roka, uniq_mara
Vaults:1: nicolae_vaults_corridor_and_loot_room, hangedman_vaults_nails,
          nicolae_vaults_house_1, vaults_room_semicircle,
          nicolae_vaults_lightning_bolt, nicolae_vaults_six-pack, v_rooms_4,
          ontoclasm_vaults_chip, nicolae_vaults_double_plus_1,
          layout_vaults_chaotic_city, serial_shops, shop
Vaults:2: vaults_room_boxed, hangedman_vaults_corner, ontoclasm_vaults_shout,
          v_pattern_4, hangedman_vaults_cutoff, nicolae_vaults_alarming,
          nicolae_vaults_octothorpe, nicolae_vaults_tetromino_L_1,
          nicolae_vaults_taking_the_gang_shopping, layout_vaults_omnigrid,
          serial_shops, shop, nicolae_square_shop
Vaults:3: minmay_crypt_entry_skeletal_spiral, ontoclasm_vaults_twist,
          hangedman_vaults_stretched_pinwheel, vaults_mumra_minichess,
          vaults_room_ringed_pool, vaults_room_hangedman_quadrants,
          nicolae_vaults_closet_pinwheel_5, vaults_room_fancy_cross, v_rooms_5,
          hangedman_vaults_slice, nicolae_vaults_house_3,
          nicolae_vaults_tetromino_L_2, nicolae_vaults_little_squares_2,
          hangedman_vaults_capsules, nicolae_vaults_wine_cellar,
          layout_vaults_omnicross, uniq_zenata
Vaults:4: advil_vaults_ghost_guards, vaults_mumra_hexcomb, v_misc_14,
          nicolae_vaults_yaktaur_gun_rack, nicolae_vaults_apartment_1,
          nicolae_vaults_sesquioval_fish, v_misc_1, ontoclasm_vaults_spin,
          nicolae_vaults_theta, nicolae_vaults_trapezoid_layered,
          vaults_dpeg_cross, nicolae_vaults_storage_room_doors,
          vaults_room_door_hall, layout_vaults_maze
Vaults:5
Depths:1: layout_cave_pools, enter_ziggurat_c, abyss_entry,
          grunt_hell_entry_dis_grunt, nemelex_diamond_rough_becter,
          chequers_serial_rivers_room_b, nicolae_hepliaklqana_hippocampus,
          uniq_boris
Depths:2: grunt_deathspiral_small, layout_cave_pools, grunt_hell_horde,
          nrook_mini_backslash, pan_entry, nrook_loot_triangle, uniq_enchantress
Depths:3: nooodl_heptagram, layout_basic, hell_entry,
          hangedman_abyss_entry_splay, nicolae_rock_paper_scissors
Depths:4: evilmike_zot_entry_diamond, layout_gridlike, serial_shops, shop,
          amcnicky_mini_pool_small, hell_entry,
          nicolae_dithmenos_through_a_glass_darkly, uniq_josephina
Zot:1:    layout_misc_corridors
Zot:2:    regret_index_infernal_bastille, layout_onion_interference
Zot:3:    layout_misc_corridors
Zot:4:    layout_twisted_circle, regret_index_zotdec_zees,
          regret_index_zotdec_banners
Zot:5:    layout_cathedral_of_symmetry, nicolae_diode_stairs

Skill      XL: |  1  2  3  4  5  6  7  8  9 10 11 12 13 14 15 16 17 18 19 20 21 22 23 24 25 26 |
---------------+-------------------------------------------------------------------------------+-----
Conjurations   | 2 3 4 5 6 13 15 20 22 | 22.5
Fighting       | 1 2 3 4 5 7 9 10 14 15 | 15.0
Air Magic      | 3 4 5 7 9 10 12 13 14 15 16 18 20 21 | 21.0
Spellcasting   | 3 4 5 7 8 10 13 14 15 17 | 17.0
Short Blades   | 2 3 |  3.0
Translocations | 1 |  1.0
Evocations     | 3 5 |  5.0
Earth Magic    | 1 |  1.0
Dodging        | 4 6 7 10 | 10.0
Ice Magic      | 8 13 17 20 22 23 24 | 24.0
Shields        | 6 10 15 | 15.0
Stealth        | |  1.7

Action                     |  1- 3 |  4- 6 |  7- 9 | 10-12 | 13-15 | 16-18 | 19-21 | 22-24 | 25-27 || total
---------------------------+-------+-------+-------+-------+-------+-------+-------+-------+-------++-------
  Melee: Whip              |    13 |       |       |       |       |       |       |       |       ||    13
         Unarmed           |     2 |       |       |       |       |       |       |       |       ||     2
         Dagger            |     8 |     4 |    27 |    59 |    40 |    29 |   146 |     7 |       ||   320
         Double sword      |       |       |       |       |       |       |       |    35 |    34 ||    69
         Headbutt          |       |       |       |       |       |       |       |       |     2 ||     2
  Throw: Throwing net      |       |       |       |     1 |       |       |       |       |       ||     1
   Cast: Shock             |    81 |    67 |   109 |     9 |       |       |       |       |       ||   266
         Static Discharge  |     2 |    18 |    42 |    35 |    44 |       |       |       |       ||   141
         Airstrike         |       |       |    66 |   277 |   666 |    86 |    56 |    23 |     9 ||  1183
         Summon Lightning  |       |       |     5 |    46 |   149 |    24 |     2 |       |       ||   226
         Swiftness         |       |       |     2 |       |       |       |       |       |       ||     2
         Conjure Ball Ligh |       |       |       |       |     5 |       |       |       |       ||     5
         Ozocubu's Refrige |       |       |       |       |       |   563 |   446 |   401 |    64 ||  1474
         Freezing Cloud    |       |       |       |       |       |   128 |    11 |       |       ||   139
         Blink             |       |       |       |       |       |     4 |     3 |     1 |       ||     8
         Polar Vortex      |       |       |       |       |       |       |    95 |   129 |    51 ||   275
         Maxwell's Capacit |       |       |       |       |       |       |       |    22 |    54 ||    76
         Chain Lightning   |       |       |       |       |       |       |       |     5 |    79 ||    84
  Evoke: Wand              |       |       |       |     8 |     2 |     1 |     6 |       |       ||    17
    Use: Scroll            |       |       |    13 |    14 |    10 |    14 |     5 |     6 |     4 ||    66
         Potion            |       |       |     1 |     1 |     2 |     8 |     5 |     2 |     5 ||    24
   Stab: Sleeping          |     1 |       |       |     2 |       |     2 |     2 |     1 |       ||     8
         Distracted        |       |       |     1 |     1 |     1 |       |     2 |       |       ||     5
         Invisible         |       |       |       |       |       |     1 |     2 |       |       ||     3
 Armour: Robe              |    19 |    34 |    83 |   134 |   239 |   137 |   300 |   170 |   130 ||  1246
  Dodge: Dodged            |    19 |    15 |    39 |    83 |   186 |   141 |   197 |   204 |   136 ||  1020
         Repelled          |       |       |       |       |       |    10 |    14 |    15 |    19 ||    58
  Block: Other             |     3 |       |    13 |    23 |    32 |       |       |       |       ||    71
         Buckler           |       |       |       |       |    33 |   110 |   125 |   115 |    64 ||   447
Riposte: Dagger            |       |       |       |       |    21 |    26 |       |       |       ||    47
